 Dungeon Crawl Stone Soup version 0.23-b1-51-gfe822ef6ca (webtiles) character file.

Game seed: 3262069233083741586

63 Revguard the Magician (level 3, -2/19 HPs)
             Began as a Deep Elf Air Elementalist on Feb 4, 2019.
             Killed by nerve-wracking pain
             ... invoked by an orc priest
              (10 damage)
             ... on level 3 of the Dungeon.
             The game lasted 00:07:06 (1688 turns).

Revguard the Magician (Deep Elf Air Elementalist)   Turns: 1688, Time: 00:07:07

Health: -2/19      AC:  4    Str:  5    XL:     3   Next: 87%
Magic:  0/10       EV: 13    Int: 19    God:
Gold:   58         SH:  0    Dex: 18    Spells: 3/9 levels left

rFire    + . .     SeeInvis .   (no weapon)
rCold    x . .     Gourm    .   (no shield)
rNeg     . . .     Faith    .   a - +0 robe
rPois    .         Spirit   .   (no helmet)
rElec    .         Reflect  .   (no cloak)
rCorr    .         Harm     .   (no gloves)
MR       .....                  b - +1 pair of boots {Stlth+}
Stlth    +++.......             (no amulet)
HPRegen  0.06/turn              d - ring of fire
MPRegen  0.12/turn              j - +2 ring of dexterity

@: very slightly contaminated
A: no striking features
a: no special abilities


You were on level 3 of the Dungeon.
You were not hungry.

You visited 1 branch of the dungeon, and saw 3 of its levels.

You collected 58 gold pieces.

Inventory:

Armour
 a - a +0 robe (worn)
 b - a +1 pair of boots of stealth (worn)
Jewellery
 d - a ring of fire (left hand)
 j - a +2 ring of dexterity (right hand)
Scrolls
 e - a scroll of magic mapping
 g - 2 scrolls of remove curse {unknown}
 k - a scroll of blinking {unknown}
 n - 2 scrolls of enchant armour {unknown}
Potions
 h - 2 potions of heal wounds
 i - a potion of lignification
 l - a potion of invisibility
 m - 2 potions of curing
Comestibles
 c - 4 rations


   Skills:
 + Level 2.9 Dodging
 + Level 2.7 Stealth
 + Level 3.9 Spellcasting
 + Level 2.0 Conjurations
 + Level 3.7 Air Magic


You had 3 spell levels left.
You knew the following spells:

 Your Spells              Type           Power        Failure   Level  Hunger
a - Shock                 Conj/Air       ##..         4%          1    None
b - Swiftness             Chrm/Air       ##......     10%         2    ##.....
c - Static Discharge      Conj/Air       ##......     13%         3    ###....

Your spell library contained the following spells:

 Spells                   Type           Power        Failure   Level  Hunger
 Airstrike                Air            ###.......   30%         4    ####...
 Lightning Bolt           Conj/Air       ##........   75%         5    ######.


Dungeon Overview and Level Annotations

Branches:
Dungeon (3/15)

Altars:


Message History

The orc wizard's wounds heal themselves!
Casting: Static Discharge (safe; 13% risk of failure)
Confirm with . or Enter, or press ? or * to list all spells.
The orc wizard is struck by an arc of lightning!
The orc wizard is heavily wounded.
The orc priest is struck by an arc of lightning.
The orc priest is severely wounded.
The lightning grounds out.
The orc wizard hits you but does no damage.
The orc priest completely misses you.
Casting: Static Discharge (safe; 13% risk of failure)
Confirm with . or Enter, or press ? or * to list all spells.
You miscast Static Discharge.
You are very lightly contaminated with residual magic.
You feel a strange surge of energy!
The orc wizard hits you but does no damage.
The orc priest calls down the wrath of Beogh upon you.
Pain shoots through your body!
Ouch! That really hurt!
You die...

...# #..#
#..# #..#
#..# #..#
#..#
#.@#.#
#oo#.#
#..#.# ##
#....#..!
#..).)...
#........
#.....#..
#<......#
#.......#


You could see an orc priest and an orc wizard.

Vanquished Creatures
  2 adders (D:2)
  2 oozes
  A worm (D:2)
  3 dart slugs
  A leopard gecko (D:2)
  2 orcs (D:3)
  3 bats
  A giant cockroach (D:1)
  5 goblins
  A hobgoblin (D:1)
  3 frilled lizards (D:1)
  A kobold (D:1)
  4 rats
29 creatures vanquished.

Notes
Turn   | Place    | Note
-------+----------+-------------------------------------------
     0 | D:1      | Revguard the Deep Elf Air Elementalist began the quest for
                  | the Orb.
     0 | D:1      | Reached XP level 1. HP: 10/10 MP: 6/6
     7 | D:1      | Noticed a lindwurm
     7 | D:1      | Noticed a salamander
     8 | D:1      | Noticed a black bear
   200 | D:1      | Reached XP level 2. HP: 15/15 MP: 5/8
   204 | D:1      | Learned a level 2 spell: Swiftness
   881 | D:2      | Reached XP level 3. HP: 13/19 MP: 6/10
  1107 | D:2      | Found a faded altar of an unknown god.
  1265 | D:2      | Learned a level 3 spell: Static Discharge
  1688 | D:3      | Killed from afar by an orc priest

Skill      XL: |  1  2  3 |
---------------+----------+-----
Conjurations   | 2 |  2.0
Dodging        | |  2.9
Stealth        | |  2.7
Spellcasting   | |  3.9
Air Magic      | |  3.7

Action                   || total
-------------------------++-------
Melee: Unarmed           ||    20
 Cast: Shock             ||    70
       Swiftness         ||     1
       Static Discharge  ||     2
  Use: Scroll            ||     5
  Eat: Chunk             ||     2
Armor: Robe              ||     8
Dodge: Dodged            ||    32
